| TOP OF THE 1ST |
|
Iowa Cubs batting - Pitching for Lehigh Valley IronPigs : RHP William-Floyd Goof
|
|
Pitching: RHP William-Floyd Goof
|
|
|
Batting: RHB Jason Ostrom
|
0-0: Foul Ball, location: 2F 0-1: Ball 1-1: Ball 2-1: Foul Ball, location: 2F 2-2: Ball 3-2: Strikes out swinging
|
|
Batting: RHB Tony Mendez
|
0-0: Swinging Strike 0-1: Ball 1-1: Foul Ball, location: 2F 1-2: Ball 2-2: Ball 3-2: Strikes out swinging
|
|
Batting: RHB Adam O'Hare
|
0-0: Ball 1-0: Swinging Strike 1-1: Foul Ball, location: 2F 1-2: Ball 2-2: Ball 3-2: Hit by Pitch
|
|
Batting: RHB Pat Barton
|
0-0: Called Strike 0-1: Called Strike 0-2: Strikes out looking
|
| Top of the 1st over - 0 runs, 0 hits, 0 errors, 1 left on base; Iowa 0 - Lehigh Valley 0 |
| BOTTOM OF THE 1ST |
|
Lehigh Valley IronPigs batting - Pitching for Iowa Cubs : RHP Rashid bin Ala'
|
|
Pitching: RHP Rashid bin Ala'
|
|
|
Batting: RHB Mitch Boyd
|
0-0: Called Strike 0-1: Ball 1-1: Fly out, F9 (Flyball, 89D, EV 91.2 MPH)
|
|
Batting: RHB Raul de la Cruz
|
0-0: Fly out, F9 (Flyball, 9D, EV 103.8 MPH)
|
|
Batting: LHB Danny Hill
|
0-0: Ball 1-0: Called Strike 1-1: Ball 2-1: Ball 3-1: Foul Ball, location: 2F 3-2: Base on Balls
|
|
Batting: SHB Bob Dixon
|
0-0: Called Strike Danny Hill steals 2nd base 0-1: SINGLE (Groundball, 6MD, EV 100.6 MPH) Danny Hill to third Runner from 3rd tries for Home, SAFE, throw by CF to home
|
|
Batting: RHB Kyle Reilly
|
0-0: Fly out, F7 (Flyball, 7S, EV 91.2 MPH)
|
| Bottom of the 1st over - 1 run, 1 hit, 0 errors, 1 left on base; Iowa 0 - Lehigh Valley 1 |
| TOP OF THE 2ND |
|
Iowa Cubs batting - Pitching for Lehigh Valley IronPigs : RHP William-Floyd Goof
|
|
Batting: RHB Andy Wasierski
|
0-0: Called Strike 0-1: Called Strike 0-2: Strikes out swinging
|
|
Batting: SHB Art Kent
|
0-0: Ball 1-0: Foul Ball, location: 2F 1-1: Ball 2-1: Ball 3-1: Fly out, F7 (Flyball, 7, EV 96.9 MPH)
|
|
Batting: RHB Brian Gargis
|
0-0: Swinging Strike 0-1: Called Strike 0-2: Foul Ball, location: 2F 0-2: Foul Ball, location: 2F 0-2: Foul Ball, location: 2F 0-2: Ball 1-2: Foul Ball, location: 2F 1-2: Strikes out swinging
|
| Top of the 2nd over - 0 runs, 0 hits, 0 errors, 0 left on base; Iowa 0 - Lehigh Valley 1 |
| BOTTOM OF THE 2ND |
|
Lehigh Valley IronPigs batting - Pitching for Iowa Cubs : RHP Rashid bin Ala'
|
|
Batting: SHB Phuck II
|
0-0: SINGLE (Groundball, 34S, EV 66.2 MPH) (infield hit)
|
|
Batting: RHB Alberto Ramirez
|
0-0: SINGLE (Line Drive, 89S, EV 95.6 MPH) Phuck II to second Runner from 2nd tries for 3rd, SAFE, throw by RF made to third
|
|
Batting: SHB Benjamin Brown
|
0-0: Called Strike 0-1: Called Strike Alberto Ramirez is caught stealing 2nd base 2-6 0-2: Ball 1-2: Ball 2-2: Foul Ball, location: 2F 2-2: Ground out 6-3 (Groundball, 6, EV 85.6 MPH) Phuck II scores
|
|
Batting: RHB Luis Arce
|
0-0: SINGLE (Groundball, 6, EV 95.0 MPH)
|
|
Batting: RHB Mitch Boyd
|
0-0: Called Strike 0-1: Ball Luis Arce is caught stealing 2nd base 2-4
|
| Bottom of the 2nd over - 1 run, 3 hits, 0 errors, 0 left on base; Iowa 0 - Lehigh Valley 2 |
| TOP OF THE 3RD |
|
Iowa Cubs batting - Pitching for Lehigh Valley IronPigs : RHP William-Floyd Goof
|
|
Batting: RHB Adam Kelliher
|
0-0: Ball 1-0: Called Strike 1-1: SINGLE (Line Drive, 4MD, EV 103.8 MPH)
|
|
Batting: SHB Nick Chandler
|
0-0: Ball 1-0: Ball 2-0: Ball 3-0: Base on Balls Adam Kelliher to second
|
|
Batting: RHB Jason Ostrom
|
0-0: Ball 1-0: Ball 2-0: Ball 3-0: Called Strike 3-1: Foul Ball, location: 2F 3-2: Strikes out looking
|
|
Batting: RHB Tony Mendez
|
0-0: Ball 1-0: Ball 2-0: Called Strike 2-1: Fly out, F9 (Flyball, 89S, EV 95.6 MPH)
|
|
Batting: RHB Adam O'Hare
|
0-0: Called Strike 0-1: Foul Ball, location: 2F 0-2: Foul Ball, location: 2F 0-2: Ball 1-2: Ball 2-2: Ball 3-2: Foul Ball, location: 2F 3-2: Foul Ball, location: 2F 3-2: Foul Ball, location: 2F 3-2: Foul Ball, location: 2F 3-2: Strikes out swinging
|
| Top of the 3rd over - 0 runs, 1 hit, 0 errors, 2 left on base; Iowa 0 - Lehigh Valley 2 |
| BOTTOM OF THE 3RD |
|
Lehigh Valley IronPigs batting - Pitching for Iowa Cubs : RHP Rashid bin Ala'
|
|
Batting: RHB Mitch Boyd
|
0-0: Called Strike 0-1: Ball 1-1: Ball 2-1: SINGLE (Groundball, 6S, EV 65.0 MPH) (infield hit)
|
|
Batting: RHB Raul de la Cruz
|
0-0: Called Strike 0-1: Ball 1-1: Fly out, F8 (Flyball, 89M, EV 83.8 MPH)
|
|
Batting: LHB Danny Hill
|
0-0: Called Strike Mitch Boyd steals 2nd base (no throw) 0-1: Fly out, F3 (Popup, 3SF, EV 78.1 MPH)
|
|
Batting: SHB Bob Dixon
|
0-0: Fly out, F9 (Flyball, 9LM, EV 99.4 MPH)
|
| Bottom of the 3rd over - 0 runs, 1 hit, 0 errors, 1 left on base; Iowa 0 - Lehigh Valley 2 |
| TOP OF THE 4TH |
|
Iowa Cubs batting - Pitching for Lehigh Valley IronPigs : RHP William-Floyd Goof
|
|
Batting: RHB Pat Barton
|
0-0: Swinging Strike 0-1: Foul Ball, location: 2F 0-2: Ball 1-2: Ball 2-2: Fly out, F6 (Popup, 6MS, EV 75.6 MPH)
|
|
Batting: RHB Andy Wasierski
|
0-0: Foul Ball, location: 2F 0-1: Ball 1-1: Foul Ball, location: 2F 1-2: Foul Ball, location: 2F 1-2: Strikes out swinging
|
|
Batting: SHB Art Kent
|
0-0: Foul Ball, location: 2F 0-1: Ball 1-1: Ball 2-1: Foul Ball, location: 2F 2-2: Strikes out looking
|
| Top of the 4th over - 0 runs, 0 hits, 0 errors, 0 left on base; Iowa 0 - Lehigh Valley 2 |
| BOTTOM OF THE 4TH |
|
Lehigh Valley IronPigs batting - Pitching for Iowa Cubs : RHP Rashid bin Ala'
|
|
Batting: RHB Kyle Reilly
|
0-0: Called Strike 0-1: Foul Ball, location: 2F 0-2: Ball 1-2: SINGLE (Groundball, 6M, EV 99.4 MPH) (infield hit)
|
|
Batting: SHB Phuck II
|
0-0: Called Strike 0-1: SINGLE (Line Drive, 8RS, EV 96.2 MPH) Kyle Reilly to second Runner from 2nd tries for 3rd, SAFE, throw by CF made to third
|
|
Batting: RHB Alberto Ramirez
|
0-0: Fly out, F8 (Flyball, 8RM, EV 80.0 MPH) Runner from 3rd tags up, SCORES, throw by CF
|
|
Batting: SHB Benjamin Brown
|
0-0: Called Strike Phuck II steals 2nd base 0-1: DOUBLE (Flyball, 78D, EV 91.2 MPH) Phuck II scores
|
|
Batting: RHB Luis Arce
|
0-0: Foul Ball, location: 2F 0-1: Ball 1-1: Ball 2-1: Ground out 5-3 (Groundball, 56S, EV 73.8 MPH) Benjamin Brown to third
|
|
Batting: RHB Mitch Boyd
|
0-0: Called Strike 0-1: Ball 1-1: Ball 2-1: Foul Ball, location: 2F 2-2: Ground out 5-3 (Groundball, 56S, EV 90.0 MPH)
|
| Bottom of the 4th over - 2 runs, 3 hits, 0 errors, 1 left on base; Iowa 0 - Lehigh Valley 4 |
| TOP OF THE 5TH |
|
Iowa Cubs batting - Pitching for Lehigh Valley IronPigs : RHP William-Floyd Goof
|
|
Batting: RHB Brian Gargis
|
0-0: Fly out, F8 (Flyball, 89M, EV 97.5 MPH)
|
|
Batting: RHB Adam Kelliher
|
0-0: Fly out, F6 (Line Drive, 6, EV 66.2 MPH)
|
|
Batting: SHB Nick Chandler
|
0-0: Called Strike 0-1: Ball 1-1: Foul Ball, location: 2F 1-2: Strikes out swinging
|
| Top of the 5th over - 0 runs, 0 hits, 0 errors, 0 left on base; Iowa 0 - Lehigh Valley 4 |
| BOTTOM OF THE 5TH |
|
Lehigh Valley IronPigs batting - Pitching for Iowa Cubs : RHP Rashid bin Ala'
|
|
Pitching: RHP Chris Allen
|
|
|
Batting: RHB Raul de la Cruz
|
0-0: Ball 1-0: Called Strike 1-1: Ball 2-1: Ball 3-1: Foul Ball, location: 2F 3-2: DOUBLE (Line Drive, 8LXD, EV 100.6 MPH)
|
|
Batting: LHB Danny Hill
|
0-0: SINGLE (Groundball, 4MS, EV 64.4 MPH) (infield hit) Raul de la Cruz to third
|
|
Batting: SHB Bob Dixon
|
0-0: Called Strike 0-1: Foul Ball, location: 2F 0-2: Foul Ball, location: 2F 0-2: Strikes out swinging
|
|
Batting: RHB Kyle Reilly
|
0-0: Ball 1-0: Ball 2-0: Fly out, F8 (Flyball, 78M, EV 87.5 MPH) Runner from 3rd tags up, SCORES, throw by CF
|
|
Batting: SHB Phuck II
|
0-0: Foul Ball, location: 2F 0-1: Ball 1-1: DOUBLE (Line Drive, 9LM, EV 88.1 MPH) Danny Hill to third Runner from 3rd tries for Home, SAFE, no throw by RF
|
|
Batting: RHB Alberto Ramirez
|
0-0: Called Strike 0-1: Ball 1-1: Foul Ball, location: 2F 1-2: Strikes out looking
|
| Bottom of the 5th over - 2 runs, 3 hits, 0 errors, 1 left on base; Iowa 0 - Lehigh Valley 6 |
| TOP OF THE 6TH |
|
Iowa Cubs batting - Pitching for Lehigh Valley IronPigs : RHP William-Floyd Goof
|
|
Batting: RHB Jason Ostrom
|
0-0: Ball 1-0: Foul Ball, location: 2F 1-1: Ball 2-1: Foul Ball, location: 2F 2-2: Strikes out swinging
|
|
Batting: RHB Tony Mendez
|
0-0: Called Strike 0-1: Ball 1-1: Swinging Strike 1-2: Ball 2-2: Strikes out swinging
|
|
Batting: RHB Adam O'Hare
|
0-0: Ball 1-0: Foul Ball, location: 2F 1-1: Called Strike 1-2: Foul Ball, location: 2F 1-2: Strikes out looking
|
| Top of the 6th over - 0 runs, 0 hits, 0 errors, 0 left on base; Iowa 0 - Lehigh Valley 6 |
| BOTTOM OF THE 6TH |
|
Lehigh Valley IronPigs batting - Pitching for Iowa Cubs : RHP Chris Allen
|
|
Batting: SHB Benjamin Brown
|
0-0: Called Strike 0-1: Ball 1-1: Ground out U3 (Groundball, 34S, EV 86.9 MPH)
|
|
Batting: RHB Luis Arce
|
0-0: Ball 1-0: Ball 2-0: Called Strike 2-1: Ball 3-1: Base on Balls
|
|
Batting: RHB Mitch Boyd
|
0-0: Ball Luis Arce steals 2nd, throwing error, E2 Luis Arce to third 1-0: Called Strike 1-1: SINGLE (Groundball, 5L, EV 98.8 MPH) Luis Arce scores
|
|
Batting: RHB Raul de la Cruz
|
0-0: Ball 1-0: Ball 2-0: Called Strike 2-1: Ball 3-1: Base on Balls Mitch Boyd to second
|
|
Batting: LHB Danny Hill
|
0-0: Called Strike 0-1: Ball 1-1: Foul Ball, location: 2F 1-2: Strikes out swinging
|
|
Batting: SHB Bob Dixon
|
0-0: Foul Ball, location: 2F 0-1: Foul Ball, location: 2F 0-2: Ground out 4-3 (Groundball, 4D, EV 100.0 MPH)
|
| Bottom of the 6th over - 1 run, 1 hit, 1 error, 2 left on base; Iowa 0 - Lehigh Valley 7 |
| TOP OF THE 7TH |
|
Iowa Cubs batting - Pitching for Lehigh Valley IronPigs : RHP William-Floyd Goof
|
|
Pitching: LHP Isaias Felix
|
|
|
Batting: RHB Pat Barton
|
0-0: Foul Ball, location: 2F 0-1: Foul Ball, location: 2F 0-2: Foul Ball, location: 2F 0-2: Ball 1-2: Strikes out swinging
|
|
Batting: RHB Andy Wasierski
|
0-0: Called Strike 0-1: Foul Ball, location: 2F 0-2: Strikes out swinging
|
|
Batting: SHB Art Kent
|
0-0: Foul Ball, location: 2F 0-1: Ball 1-1: Called Strike 1-2: SINGLE (Groundball, 4MD, EV 96.2 MPH)
|
|
Batting: RHB Brian Gargis
|
0-0: Ball 1-0: Called Strike 1-1: Swinging Strike 1-2: Foul Ball, location: 2F 1-2: Ball 2-2: Foul Ball, location: 2F 2-2: Strikes out swinging
|
| Top of the 7th over - 0 runs, 1 hit, 0 errors, 1 left on base; Iowa 0 - Lehigh Valley 7 |
| BOTTOM OF THE 7TH |
|
Lehigh Valley IronPigs batting - Pitching for Iowa Cubs : RHP Chris Allen
|
|
Pinch Hitting: SHB Cesar Arteaga
|
0-0: Foul Ball, location: 2F 0-1: Called Strike 0-2: Foul Ball, location: 2F 0-2: Ball 1-2: Foul Ball, location: 2F 1-2: Ball 2-2: Foul Ball, location: 2F 2-2: Ground out 6-3 (Groundball, 6, EV 97.5 MPH)
|
|
Pinch Hitting: RHB Fletcher Easter
|
0-0: Ball 1-0: Swinging Strike 1-1: SINGLE (Line Drive, 5L, EV 101.2 MPH)
|
|
Pitching: RHP Michele Montella
|
|
|
Batting: RHB Alberto Ramirez
|
0-0: Ball 1-0: Ball 2-0: Ball 3-0: Called Strike 3-1: Swinging Strike 3-2: Strikes out looking
|
|
Batting: SHB Benjamin Brown
|
0-0: Ball 1-0: Fly out, F6 (Line Drive, 6, EV 74.4 MPH)
|
| Bottom of the 7th over - 0 runs, 1 hit, 0 errors, 1 left on base; Iowa 0 - Lehigh Valley 7 |
| TOP OF THE 8TH |
|
Iowa Cubs batting - Pitching for Lehigh Valley IronPigs : LHP Isaias Felix
|
|
Now at 1B: Chris Pounds
|
|
|
Now at 3B: Moritake Fukumoto
|
|
|
Now in LF: Alberto Ramirez
|
|
|
Batting: RHB Adam Kelliher
|
0-0: Called Strike 0-1: Ball 1-1: Foul Ball, location: 2F 1-2: Foul Ball, location: 2F 1-2: Strikes out swinging
|
|
Batting: SHB Nick Chandler
|
0-0: Ball 1-0: Called Strike 1-1: Swinging Strike 1-2: Strikes out swinging
|
|
Batting: RHB Jason Ostrom
|
0-0: Called Strike 0-1: Ball 1-1: Ball 2-1: Swinging Strike 2-2: Fly out, F4 (Popup, 4, EV 56.9 MPH)
|
| Top of the 8th over - 0 runs, 0 hits, 0 errors, 0 left on base; Iowa 0 - Lehigh Valley 7 |
| BOTTOM OF THE 8TH |
|
Lehigh Valley IronPigs batting - Pitching for Iowa Cubs : RHP Michele Montella
|
|
Batting: RHB Luis Arce
|
0-0: Called Strike 0-1: Ball 1-1: Fly out, F7 (Flyball, 78M, EV 86.9 MPH)
|
|
Batting: RHB Mitch Boyd
|
0-0: Fly out, F9 (Flyball, 9, EV 91.9 MPH)
|
|
Batting: RHB Raul de la Cruz
|
0-0: Called Strike 0-1: Foul Ball, location: 2F 0-2: Ball 1-2: Foul Ball, location: 2F 1-2: Foul Ball, location: 2F 1-2: Strikes out swinging
|
| Bottom of the 8th over - 0 runs, 0 hits, 0 errors, 0 left on base; Iowa 0 - Lehigh Valley 7 |
| TOP OF THE 9TH |
|
Iowa Cubs batting - Pitching for Lehigh Valley IronPigs : LHP Isaias Felix
|
|
Batting: RHB Tony Mendez
|
0-0: Called Strike 0-1: Swinging Strike 0-2: Ball 1-2: SINGLE (Groundball, 6D, EV 97.5 MPH)
|
|
Pitching: RHP Jeremy Mitchem
|
|
|
Batting: RHB Adam O'Hare
|
0-0: Called Strike 0-1: Ball 1-1: Swinging Strike 1-2: Foul Ball, location: 2F 1-2: Strikes out swinging
|
|
Batting: RHB Pat Barton
|
0-0: Called Strike 0-1: Ball 1-1: Ball 2-1: Foul Ball, location: 2F 2-2: Grounds into double play, 6-4-3 (Groundball, 6, EV 87.5 MPH)
|
| Top of the 9th over - 0 runs, 1 hit, 0 errors, 0 left on base; Iowa 0 - Lehigh Valley 7 |
|